Map: Torches LE

Players

FoxeR - Winner!

  • Race: Terran Terran
  • League: Grandmaster
  • Spawn Location: 1:00

A.I. 1 (Harder)

  • Race: Terran Terran
  • Spawn Location: 5:00

VOD

Have the link to the VOD?

Description

Time

  • Played on: Aug. 27, 2025, 1:48 p.m.
  • Length: 5:48
Show
View Real Time Build Order
Export as new Build Order

FoxeR Terran - Winner!

Build Orders:  

Get SALT Encoding   

  12  0:00  SCV  
  13  0:12  SCV  
  14  0:17  Supply Depot  
  14  0:28  SCV  
  15  0:40  SCV, Barracks  
  16  0:45  Refinery  
  16  0:52  SCV  
  18  1:04  SCV  
  18  1:16  SCV  
  19  1:27  Barracks Reactor  
  19  1:28  Orbital Command  
  19  1:40  Command Center  
  19  1:50  Supply Depot  
  19  1:53  SCV  
  20  2:05  SCV, Marine x2  
  23  2:15  Factory  
  23  2:18  SCV  
  23  2:20  Refinery  
  24  2:26  Marine  
  24  2:28  Marine  
  26  2:30  SCV  
  27  2:42  SCV  
  28  2:45  Marine  
  28  2:48  Marine  
  30  2:52  Orbital Command  
  30  2:54  SCV  
  31  3:00  Starport  
  31  3:02  Factory Tech Lab  
  31  3:06  SCV  
  34  3:18  SCV  
  36  3:20  SCV  
  36  3:21  Bunker  
  36  3:22  Siege Tank  
  36  3:26  Marine  
  38  3:27  Marine  
  38  3:30  SCV  
  40  3:35  Supply Depot  
  40  3:36  SCV  
  40  3:38  Starport Reactor  
  41  3:42  SCV  
  41  3:46  Barracks  
  41  3:48  SCV  
  43  3:54  SCV  
  44  3:56  Siege Tank  
  44  4:00  Marine x2  
  44  4:01  SCV  
  50  4:08  SCV  
  51  4:13  Supply Depot, SCV  
  51  4:15  Supply Depot  
  52  4:17  Marine  
  52  4:23  SCV  
  54  4:24  Medivac x2  
  54  4:25  Marine  
  54  4:28  Barracks  
  60  4:31  SCV  
  60  4:34  Barracks Tech Lab  
  60  4:35  Marine  
  60  4:37  SCV  
  62  4:42  Supply Depot  
  62  4:43  SCV  
  63  4:46  Siege Tank  
  63  4:50  SCV  
  67  4:55  SCV  
  68  5:02  SCV  
  68  5:04  Refinery  
  68  5:06  Refinery  
  69  5:07  SCV  
  69  5:09  Marine x3  
  69  5:10  Supply Depot  
  69  5:14  SCV  
  74  5:19  SCV  
  74  5:20  Starport Reactor  
  75  5:26  SCV, Marine  
  77  5:31  SCV  
  85  5:44  Supply Depot  
Show
View Real Time Build Order
Export as new Build Order

A.I. 1 (Harder) Terran 

Build Orders:  

Get SALT Encoding   

  12  0:00  SCV  
  13  0:13  SCV  
  14  0:18  Supply Depot  
  14  0:25  SCV  
  15  0:40  SCV  
  16  0:46  Barracks  
  16  0:49  Refinery  
  16  0:52  SCV  
  18  1:04  SCV  
  18  1:16  SCV  
  19  1:22  Supply Depot  
  19  1:29  SCV  
  19  1:32  Marine  
  21  1:42  Orbital Command, Barracks  
  21  1:50  Barracks Tech Lab, Refinery  
  21  2:03  Factory  
  21  2:08  Marine  
  22  2:19  Supply Depot  
  22  2:26  Marine  
  22  2:29  Marine  
  24  2:44  Marine  
  24  2:46  Marine  
  24  2:48  Hellion  
  28  2:54  Supply Depot  
  28  3:02  Marine  
  28  3:04  Marine  
  30  3:09  Hellion  
  32  3:20  Marine  
  32  3:25  Supply Depot  
  33  3:28  SCV  
  33  3:30  Hellion  
  36  3:39  Engineering Bay  
  36  3:40  SCV  
  37  3:52  SCV, Hellion  
  40  4:04  SCV  
  41  4:13  Hellion  
  41  4:16  SCV  
  44  4:28  SCV  
  45  4:35  Hellion  
  47  4:49  Barracks Tech Lab  
  47  4:50  Marauder, Factory  
  47  4:52  Supply Depot  
  49  4:55  Starport  
  49  4:58  Factory Tech Lab, Starport  
  49  5:10  Reaper  
  49  5:11  Reaper  
  44  5:34  Starport Tech Lab x2  
  29  5:36  Factory Tech Lab  
Tags
 
Matchup
TvT
Race
Terran
Spawn Locations
Close Positions
Add a new tag
Caveats
  • Supply blocks, unpowered buildings, or Contaminate may cause inaccurate times.
  • Supply counts are checked every 10 seconds.